Map: 16-Bit LE

Players

LaFantome - Winner!

  • Race: Zerg Zerg
  • League: Diamond
  • Spawn Location: 7:00

Signal

  • Race: Terran Terran
  • League: Diamond
  • Spawn Location: 1:00

VOD

Have the link to the VOD?

Description

Time

  • Played on: June 27, 2018, 3:53 p.m.
  • Length: 26:31
Show
View Real Time Build Order
Export as new Build Order

LaFantome Zerg - Winner!

Build Orders: Hatch First 

Get SALT Encoding   

  12  0:01  Drone  
  13  0:15  Overlord  
  13  0:18  Drone  
  14  0:33  Drone x2  
  16  0:37  Drone  
  17  0:56  Hatchery  
  16  0:57  Drone  
  16  1:00  Drone  
  18  1:11  Extractor  
  17  1:15  Spawning Pool  
  16  1:18  Drone  
  16  1:21  Drone  
  18  1:30  Drone  
  19  1:43  Overlord  
  19  1:53  Drone  
  20  2:03  Zergling x2  
  20  2:07  Queen x2  
  20  2:08  Zergling x2  
  26  2:14  Metabolic Boost  
  26  2:16  Drone  
  26  2:19  Drone  
  28  2:34  Drone x2  
  29  2:49  Hatchery  
  27  2:53  Overlord, Drone x3  
  30  2:59  Drone  
  31  3:08  Drone x2  
  31  3:12  Zergling x2  
  34  3:23  Overlord  
  34  3:28  Drone  
  34  3:29  Drone x5  
  40  3:43  Zergling x6  
  40  3:47  Baneling Nest  
  42  4:01  Spore Crawler  
  41  4:03  Drone x8  
  49  4:15  Queen x2  
  49  4:16  Queen  
  55  4:23  Zergling x6  
  58  4:25  Spore Crawler  
  58  4:26  Overlord  
  57  4:32  Overlord x2  
  57  4:38  Spore Crawler  
  57  4:41  Zergling x4  
  58  4:50  Zergling x16  
  66  5:02  Queen x2  
  66  5:03  Queen  
  66  5:04  Drone x5  
  77  5:15  Drone  
  77  5:16  Overlord, Drone x2  
  80  5:30  Drone  
  80  5:32  Extractor  
  80  5:33  Drone x2  
  80  5:35  Extractor, Drone x3  
  83  5:43  Baneling x2  
  83  5:44  Baneling x4, Zergling x2  
  83  5:45  Zergling x10  
  88  5:56  Lair  
  88  5:57  Overlord x4  
  78  6:35  Drone x6  
  78  6:36  Drone x3  
  87  6:43  Evolution Chamber x2  
  87  6:46  Drone  
  87  6:47  Drone  
  87  6:49  Extractor  
  87  6:51  Overlord, Extractor  
  85  6:58  Centrifical Hooks  
  83  7:05  Hatchery  
  76  7:17  Spore Crawler  
  76  7:20  Spore Crawler, Zergling x2  
  76  7:21  Zergling x16  
  83  7:23  Zerg Melee Weapons Level 1, Zerg Ground Armor Level 1  
  83  7:27  Extractor, Drone  
  83  7:28  Drone x4  
  83  7:29  Overlord, Drone x2  
  89  7:30  Overlord  
  89  7:47  Hydralisk Den, Zergling x8  
  92  8:33  Spore Crawler  
  91  8:39  Overseer x2  
  91  8:43  Overseer  
  91  8:45  Hydralisk  
  91  8:46  Hydralisk x21  
  135  8:56  Grooved Spines  
  135  9:06  Drone  
  135  9:07  Overlord x4  
  135  9:08  Overlord x4  
  136  9:25  Drone x8  
  143  9:58  Zerg Ground Armor Level 2, Zerg Melee Weapons Level 2  
  143  10:01  Infestation Pit, Zergling x18  
  143  10:02  Zergling x20  
  161  10:08  Muscular Augments  
  161  10:09  Zergling x4  
  161  10:12  Zergling x2  
  161  10:13  Zergling x16  
  172  10:23  Baneling  
  172  10:24  Baneling x18  
  172  10:34  Zergling x2  
  172  10:35  Zergling x16  
  128  10:58  Zergling x2  
  128  10:59  Zergling x28  
  128  11:01  Baneling x10  
  128  11:02  Baneling x10  
  128  11:04  Baneling x9  
  143  11:05  Baneling x11, Zergling x2  
  143  11:06  Zergling x2  
  143  11:10  Zergling x4  
  146  11:14  Hive  
  134  11:40  Zergling x20  
  134  11:46  Zergling x20  
  134  11:47  Zergling x8  
  157  11:58  Zergling x8  
  161  12:11  Zergling x8  
  152  12:30  Zergling x2  
  152  12:31  Zergling x14  
  160  12:43  Baneling x9  
  160  12:44  Baneling x4  
  156  12:45  Baneling x8  
  146  12:59  Zergling x2  
  146  13:00  Zergling x10  
  107  13:06  Zergling x2  
  107  13:07  Zergling x4  
  106  13:18  Hatchery  
  105  13:31  Hydralisk x6  
  117  13:37  Adrenal Glands  
  117  13:38  Zerg Ground Armor Level 3, Zerg Melee Weapons Level 3  
  117  13:39  Hydralisk  
  117  13:40  Hydralisk x2, Ultralisk Cavern  
  122  13:48  Hatchery  
  122  13:53  Zergling x6  
  124  14:06  Zergling x2  
  124  14:07  Zergling x10  
  124  14:09  Baneling x6  
  129  14:10  Baneling x9  
  129  14:16  Zergling x2  
  129  14:17  Zergling x16  
  138  14:30  Chitinous Plating  
  101  14:38  Zergling x2  
  101  14:39  Zergling x12  
  101  14:42  Baneling x5  
  101  14:43  Baneling x13  
  103  14:49  Zergling x6  
  103  14:50  Zergling x12  
  107  14:55  Ultralisk x3  
  107  14:57  Hatchery  
  122  15:08  Ultralisk  
  127  15:18  Zergling x10  
  127  15:19  Zergling x4  
  129  15:32  Drone  
  129  15:33  Drone x5  
  106  16:09  Drone  
  106  16:10  Drone x9  
  106  16:11  Drone  
  115  16:14  Hydralisk  
  111  16:19  Hatchery  
  104  16:39  Zergling x2  
  105  16:40  Zergling x30  
  105  16:45  Extractor x2  
  130  17:08  Ultralisk x2  
  136  17:18  Hydralisk  
  136  17:19  Hydralisk x5  
  136  17:21  Overlord  
  144  17:37  Zergling x2  
  144  17:38  Zergling x22  
  144  17:40  Baneling x3  
  144  17:41  Baneling x2  
  147  17:45  Zergling x2  
  147  17:47  Baneling x7  
  147  17:48  Baneling x13  
  142  17:51  Zergling x4  
  101  18:20  Drone x12  
  112  18:31  Ultralisk  
  112  18:32  Hydralisk x2  
  122  18:41  Extractor  
  121  18:43  Spire  
  121  18:46  Extractor  
  101  19:06  Zergling x2  
  101  19:07  Zergling x22  
  107  19:18  Zergling x2  
  108  19:40  Zergling x2  
  108  19:41  Zergling x20  
  108  19:43  Baneling, Hatchery  
  108  19:44  Baneling x15  
  118  19:47  Hatchery  
  117  19:56  Corruptor x4  
  125  20:01  Corruptor  
  125  20:29  Hydralisk x10  
  145  20:41  Ultralisk  
  110  21:26  Zergling x8  
  110  21:27  Zergling x24  
  110  21:28  Hydralisk x8  
  110  21:29  Hydralisk x2  
  126  21:45  Ultralisk x2  
  138  22:05  Ultralisk x2  
  150  22:14  Baneling  
  150  22:15  Baneling x15  
  150  22:20  Drone x2  
  150  22:21  Zergling x2  
  150  22:22  Zergling x6  
  156  22:24  Drone  
  118  22:49  Hydralisk  
  118  22:50  Hydralisk x12  
  121  22:52  Zergling x4  
  110  23:10  Ultralisk  
  116  23:16  Baneling x7  
  116  23:20  Ultralisk  
  116  23:22  Zergling x2  
  116  23:23  Zergling x2  
  124  23:29  Hatchery  
  123  23:39  Drone x2  
  123  23:40  Ultralisk  
  131  23:42  Drone  
  131  23:43  Drone x6  
  138  23:49  Baneling x4  
  138  24:06  Ultralisk x3  
  138  24:07  Zergling x2  
  138  24:08  Zergling x2  
  149  24:19  Zergling x18  
  149  24:20  Zergling x2  
  159  24:28  Baneling x2  
  157  24:33  Zergling x2  
  157  24:34  Zergling x22  
  168  24:39  Baneling x2  
  168  24:40  Baneling x4  
  168  24:47  Baneling x7  
  168  24:48  Baneling  
  168  24:55  Hatchery  
  149  25:20  Ultralisk x4  
  168  25:59  Overlord  
  168  26:00  Overlord x2  
  168  26:02  Zergling x8  
  168  26:22  Extractor  
  168  26:24  Extractor  
  168  26:25  Extractor  
  168  26:26  Extractor  
Show
View Real Time Build Order
Export as new Build Order

Signal Terran 

Build Orders: Reaper Expand, Bio Tank, Hellion Banshee 

Get SALT Encoding   

  12  0:00  SCV  
  13  0:12  SCV  
  14  0:18  Supply Depot  
  14  0:25  SCV  
  15  0:39  SCV  
  15  0:42  Barracks  
  16  0:46  Refinery  
  16  0:52  SCV  
  17  1:04  SCV  
  18  1:16  SCV  
  19  1:29  Orbital Command, Reaper  
  20  1:47  Command Center  
  20  1:54  SCV  
  21  2:01  Marine  
  21  2:03  Supply Depot  
  22  2:09  SCV  
  22  2:15  Factory  
  23  2:20  Refinery  
  23  2:24  SCV  
  23  2:26  Barracks Reactor  
  24  2:38  SCV  
  25  2:50  SCV  
  26  2:59  Orbital Command  
  26  3:01  Starport  
  26  3:02  SCV  
  27  3:14  Barracks Tech Lab, SCV  
  27  3:16  Hellion x2  
  32  3:25  SCV  
  32  3:26  SCV  
  34  3:37  Hellion x2  
  34  3:38  SCV x2  
  34  3:39  Supply Depot  
  40  3:45  Cloaking Field  
  40  3:47  Viking  
  42  3:50  SCV x2  
  44  3:58  Barracks Tech Lab  
  44  4:02  SCV  
  45  4:03  SCV  
  45  4:04  Supply Depot  
  46  4:14  SCV  
  46  4:15  SCV  
  46  4:17  Command Center  
  48  4:21  Hellion  
  48  4:23  Hellion  
  52  4:27  Banshee  
  52  4:29  SCV  
  52  4:30  SCV  
  57  4:41  SCV  
  57  4:44  Supply Depot  
  58  4:51  SCV  
  59  4:53  Stimpack, Marine  
  59  4:57  Supply Depot  
  59  4:58  SCV  
  61  5:09  Barracks  
  61  5:10  Factory Reactor, Barracks, Engineering Bay  
  61  5:11  Engineering Bay  
  61  5:12  Refinery, SCV  
  61  5:13  Refinery, SCV  
  63  5:24  SCV  
  63  5:25  Supply Depot, SCV  
  65  5:34  Orbital Command  
  65  5:35  Marine  
  66  5:42  SCV x2  
  68  5:44  Terran Infantry Weapons Level 1, Terran Infantry Armor Level 1  
  68  5:45  Starport Reactor  
  68  5:54  Marine  
  69  6:08  Orbital Command  
  59  6:12  Marine x3  
  62  6:24  Siege Tank  
  62  6:25  Medivac x2  
  67  6:30  Marine x3  
  67  6:32  Armory  
  69  6:34  SCV x2  
  69  6:35  Barracks x2  
  57  6:40  Orbital Command  
  72  6:46  Marine x2  
  73  6:47  Marine  
  73  6:48  Marine x2  
  73  6:53  Combat Shield  
  75  7:04  Marine x2  
  75  7:05  Marine  
  75  7:06  Marine x2  
  75  7:07  Siege Tank, Medivac  
  81  7:10  SCV x2  
  83  7:21  Marine  
  83  7:22  Marine  
  85  7:38  Barracks Reactor  
  85  7:39  Barracks Reactor  
  85  7:41  Terran Infantry Armor Level 2, Terran Infantry Weapons Level 2  
  85  7:43  Factory  
  85  7:46  Supply Depot  
  85  7:48  Supply Depot  
  85  7:49  Supply Depot  
  85  8:05  Marine x2, Medivac x2  
  85  8:06  SCV x2  
  85  8:08  Siege Tank, SCV, Marine x3  
  100  8:15  Refinery x2  
  100  8:16  Marine x4  
  100  8:17  Terran Vehicle Weapons Level 1  
  100  8:18  SCV x2  
  106  8:20  SCV  
  106  8:23  Marine x2  
  106  8:26  Marine x3  
  112  8:30  SCV x2, Factory Tech Lab  
  112  8:31  Command Center  
  112  8:32  SCV  
  112  8:33  Marine x2  
  117  8:47  Supply Depot x2  
  117  8:48  Supply Depot  
  117  8:49  Supply Depot  
  117  9:01  Siege Tank, Supply Depot, SCV, Marine x4  
  117  9:02  Supply Depot  
  125  9:08  Siege Tank, Marine x5  
  133  9:13  Medivac  
  133  9:14  Medivac  
  133  9:16  Supply Depot  
  137  9:18  Marine x4  
  141  9:26  Marine x5  
  141  9:30  Supply Depot  
  146  9:32  Supply Depot  
  146  9:36  Marine x4  
  150  9:39  Siege Tank  
  150  9:43  Medivac  
  150  9:44  Marine x4  
  158  9:56  Marine x5  
  158  9:57  Siege Tank  
  166  10:01  Marine x3  
  169  10:17  Marine x6  
  169  10:19  Marine x3  
  178  10:30  Siege Tank  
  178  10:34  Marine  
  178  10:35  Marine x5  
  187  10:37  Marine x3  
  180  10:52  Marine  
  180  10:54  Marine  
  180  10:55  Marine x7  
  159  11:00  Siege Tank  
  162  11:06  Siege Tank  
  162  11:09  Planetary Fortress  
  162  11:10  Marine  
  166  11:12  Marine x5  
  166  11:13  Marine x3, Medivac  
  176  11:28  Marine  
  176  11:30  Marine  
  176  11:32  Siege Tank  
  174  11:38  Siege Tank, Marine  
  174  11:39  Marine x6  
  174  11:46  Marine  
  175  11:48  Marine  
  175  11:49  Refinery  
  175  11:50  Refinery  
  176  11:55  Barracks  
  176  11:57  Barracks  
  176  12:02  Barracks  
  176  12:04  Marine x4  
  180  12:08  Siege Tank  
  183  12:16  Unknown  
  183  12:17  Unknown  
  183  12:19  Supply Depot  
  183  12:21  Unknown x2  
  183  12:24  Marine x6  
  183  12:25  Marine  
  183  12:28  Marine x2  
  185  12:45  Marine x6  
  185  12:46  Siege Tank, Marine x3  
  197  13:03  Marine x9  
  145  13:21  Marine x5  
  150  13:31  Unknown  
  150  13:32  SCV x3  
  153  13:40  Command Center  
  153  13:42  Siege Tank  
  153  13:44  SCV  
  157  13:49  Siege Tank, Marine  
  157  13:50  Marine x2  
  157  13:52  Marine  
  157  13:53  Marine  
  165  13:57  Terran Infantry Weapons Level 3  
  165  14:02  Terran Infantry Armor Level 3  
  165  14:14  Siege Tank  
  168  14:20  Marine  
  168  14:21  Marine x6  
  168  14:22  Siege Tank  
  178  14:34  Marine  
  178  14:35  Marine  
  138  14:38  Marine x4  
  138  14:39  Marine x3  
  145  14:46  Siege Tank  
  145  14:48  Medivac x2  
  145  14:52  Marine  
  152  14:53  Marine  
  152  14:54  Siege Tank  
  152  14:56  Marine x7  
  164  15:01  Liberator  
  164  15:10  Marine x2  
  164  15:14  Marine x7  
  166  15:18  Siege Tank, Medivac  
  180  15:26  Siege Tank  
  180  15:28  Marine  
  182  15:30  Planetary Fortress, Liberator  
  182  15:33  Marine  
  182  15:34  Marine x5  
  189  15:40  Barracks  
  189  15:42  Barracks  
  189  15:50  Siege Tank, Marine x2  
  189  15:51  Marine x7  
  147  15:58  Siege Tank  
  113  16:08  Marine x3  
  113  16:09  Marine x2  
  111  16:18  Marine x4  
  107  16:22  Siege Tank  
  114  16:26  Marine x3, Liberator x2  
  114  16:27  Marine x2  
  118  16:36  Marine x4  
  118  16:39  Barracks Tech Lab x2  
  119  16:45  Siege Tank  
  128  16:59  Refinery, Orbital Command, Marine x3  
  131  17:02  Concussive Shells  
  131  17:07  Marine x2  
  133  17:09  Liberator  
  133  17:19  Marine x2  
  133  17:20  Marauder  
  140  17:50  Marine x8  
  140  17:51  Marine x3  
  135  18:08  Marine x4  
  117  18:16  Marine  
  117  18:17  Marine x6  
  85  18:25  Siege Tank  
  85  18:26  Marine x3  
  89  18:32  Refinery  
  89  18:35  Marauder x3  
  95  18:41  Marine x3  
  93  18:53  Marine x5  
  86  18:56  Marine  
  86  18:57  Marauder  
  74  19:11  Marine x7  
  75  19:21  SCV  
  76  19:25  Marine  
  76  19:28  Marauder  
  76  19:30  Marauder  
  81  19:33  SCV  
  81  19:34  SCV x2  
  84  19:38  Medivac  
  84  19:40  Medivac  
  88  19:46  SCV x3  
  88  19:47  Marauder  
  88  19:48  Marine  
  88  19:50  Marauder  
  88  19:52  Marauder  
  98  20:01  Siege Tank x2  
  104  20:08  Marauder  
  104  20:10  Command Center  
  104  20:11  Marauder, Marine  
  104  20:13  Marauder  
  111  20:14  Marine x3  
  111  20:15  Marine  
  115  20:24  Marine x2  
  115  20:25  Marine  
  118  20:29  Marauder, SCV, Marine  
  118  20:30  SCV  
  118  20:32  Marine  
  118  20:33  Marauder, Siege Tank  
  118  20:35  Marauder  
  131  20:37  Marine x3  
  131  20:42  Marine x2  
  136  20:48  Siege Tank  
  136  20:49  Medivac  
  141  20:51  Marauder  
  141  20:54  Marauder  
  145  20:58  Marine x7  
  106  21:14  Marine x3  
  106  21:15  Marine  
  106  21:16  Marine x6  
  114  21:24  Marine  
  105  21:31  Marine  
  105  21:32  Marine x2  
  98  21:33  Marine  
  98  21:34  Marine x6  
  98  21:39  Siege Tank  
  108  21:41  Marine  
  108  21:43  SCV x2  
  111  21:49  Marine x3  
  111  21:50  Marine  
  111  21:51  Marine  
  111  21:52  Marine x5  
  121  21:55  SCV  
  121  21:59  Marine  
  123  22:03  Medivac  
  123  22:07  Marine x2  
  123  22:08  Marine x2  
  129  22:16  Siege Tank  
  129  22:17  Orbital Command  
  129  22:19  Marine  
  124  22:30  Marine x4  
  94  22:53  Marine x8  
  84  23:01  Marine x3  
  85  23:14  Marine  
  85  23:15  Marine x6  
  85  23:18  Marine  
  93  23:21  Marine x2  
  93  23:24  Marauder  
  97  23:30  Siege Tank  
  100  23:35  Marine  
  100  23:39  Marauder  
  100  23:40  Orbital Command  
  103  23:45  Marine  
  103  23:46  Marine x8  
  112  23:53  Marine  
  112  23:54  Siege Tank  
  116  24:00  Marine  
  116  24:02  Siege Tank  
  120  24:03  Marine x2  
  122  24:12  Marine x3  
  122  24:13  Marauder x2, Marine x3  
  122  24:16  Medivac  
  134  24:18  Marauder  
  134  24:21  Marine x2  
  138  24:27  Siege Tank  
  138  24:29  Liberator x2  
  138  24:30  Marine x4  
  145  24:31  Marine x2  
  145  24:35  Marauder x2  
  150  24:39  Marine x3  
  153  24:46  Siege Tank  
  153  24:48  Marine x4  
  153  24:49  Marine x2  
  168  24:59  Siege Tank, Marine x2  
  172  25:00  Marine x3  
  172  25:06  Marine x4  
  148  25:12  Liberator  
  111  25:16  Marine  
  111  25:17  Marine x6  
  109  25:23  Marine  
  109  25:24  Marine x3  
  103  25:32  Siege Tank x2  
  103  25:34  Marine x2  
  95  25:36  Marauder  
Tags
 
Add a new tag
Caveats
  • Supply blocks, unpowered buildings, or Contaminate may cause inaccurate times.
  • Supply counts are checked every 10 seconds.